 Dungeon Crawl Stone Soup version 0.29.1-12-g30fa7ad0bf (webtiles) character file.

Game seed: 12585328036524991189

2403 zeram the Cleaver (level 9, 0/64 HPs)
             Began as an Octopode Fighter on Dec 24, 2022.
             Was an Initiate of Gozag.
             Slain by an orc priest
             ... wielding a +0 dagger
              (4 damage)
             ... on level 7 of the Dungeon.
             The game lasted 00:09:37 (5008 turns).

zeram the Cleaver (Octopode Fighter)                Turns: 5008, Time: 00:09:38

Health: 0/64       AC:  1    Str: 15    XL:     9   Next: 47%
Magic:  9/9        EV: 14    Int: 15    God:    Gozag
Gold:   778        SH:  5    Dex: 11    Spells: 6/8 levels left

rFire   + . .      SeeInvis .   a - +1 war axe (venom)
rCold   . . .      Faith    .   b - +0 buckler
rNeg    . . .      Spirit   .   (helmet restricted)
rPois   .          Reflect  .   h - amulet of regeneration
rElec   .          Harm     .   q - ring of protection from fire
rCorr   .          Rampage  .   (no ring)
Will    .....                   (no ring)
Stlth   ++++......              (no ring)
HPRegen 1.00/turn               (no ring)
MPRegen 0.11/turn               (no ring)
                                (no ring)
                                (no ring)

@: studying Fighting
A: almost no armour, amphibious, 8 rings, camouflage 1, gelatinous body 1,
(nimble swimmer 1), tentacles
a: Renounce Religion, Potion Petition, Call Merchant, Bribe Branch


You were on level 7 of the Dungeon.
You worshipped Gozag.
Gozag was pleased with you.
You visited 1 branch of the dungeon, and saw 7 of its levels.

You collected 789 gold pieces.
You paid 11 gold pieces to Gozag.

Inventory:

Hand Weapons
 a - a +1 war axe of venom (weapon)
 l - a +2 dagger of venom
Missiles
 f - 2 throwing nets (quivered)
Armour
 b - a +0 buckler (worn)
Jewellery
 h - an amulet of regeneration (around mantle)
 q - a ring of protection from fire (left tentacle)
 r - a ring of fire
Wands
 g - a wand of paralysis (7)
 t - a wand of roots (12)
Scrolls
 i - a scroll of teleportation
 o - a scroll of magic mapping
 p - a scroll of identify
Potions
 c - a potion of invisibility {unknown}
 d - 5 potions of lignification
 e - 2 potions of haste
 j - 2 potions of degeneration
 k - a potion of flight {unknown}
 m - 2 potions of curing


   Skills:
 + Level 7.4 Fighting
 + Level 8.4 Axes
 + Level 5.6 Dodging
 + Level 5.5 Stealth
 + Level 4.7 Shields


You had 6 spell levels left.
You knew the following spells:

 Your Spells              Type           Power      Damage    Failure   Level
a - Ensorcelled Hibernat  Hex/Ice        0%         N/A       45%         2

Your spell library contained the following spells:

 Spells                   Type           Power      Damage    Failure   Level
 Magic Dart               Conj           0%         1d3       34%         1
 Passwall                 Tmut/Erth      0%         N/A       45%         2
 Searing Ray              Conj           0%         2d4       45%         2
 Conjure Flame            Conj/Fire      0%         6-21      71%         3
 Gell's Gravitas          Tloc           0%         N/A       71%         3
 Ignite Poison            Fire/Tmut/Pois 0%         N/A       71%         3
 Lesser Beckoning         Tloc           0%         N/A       71%         3
 Mephitic Cloud           Conj/Pois/Air  0%         N/A       71%         3
 Summon Guardian Golem    Hex/Summ       0%         N/A       71%         3
 Swiftness                Air            0%         N/A       71%         3
 Teleport Other           Tloc           0%         N/A       71%         3
 Fulminant Prism          Conj/Hex       0%         3d6       98%         4
 Sticky Flame             Conj/Fire      0%         2d3       98%         4
 Freezing Cloud           Conj/Ice/Air   0%         6-21      100%        5
 Orb of Destruction       Conj           0%         9d5       100%        7
 Spellforged Servitor     Conj/Summ      0%         N/A       100%        7


Dungeon Overview and Level Annotations

Branches:
Dungeon (7/15)             Temple (0/1) D:6

Altars:
Gozag
Okawaru
Qazlal
Vehumet
Wu Jian
Xom
Yredelemnul


Innate Abilities, Weirdness & Mutations

You cannot wear most types of armour.
You are amphibious.
You can wear up to eight rings at the same time.
Your skin changes colour to match your surroundings (Stealth+).
Your rubbery body absorbs attacks. (AC +1, EV +1)
((You are camouflaged when in or above water. (Stealth+)))
You have tentacles for arms and can constrict up to eight enemies at once.


Message History

The orc priest shouts!
Your grab misses the orc. You block the orc's attack.
The orc barely misses you.
You slash the orc!
You kill the orc!
The acid dragon spits acid at you. The splash of acid hits you!!
You hear a shout!
Unknown command.
The orc priest is no longer distracted by gold.
There is a stone staircase leading up, spattered with blood here.
You climb upwards.
There is a stone staircase leading down here.
You start resting.
HP restored.
You climb downwards.
There is a stone staircase leading up, spattered with blood here.
The orc priest hits you with a +0 dagger.
The acid dragon spits acid at you. The splash of acid hits you!!
You hear a shout! x3
You are too injured to fight recklessly!
You are too injured to fight recklessly!
You are too injured to fight recklessly!
Unknown command.
You hit the orc priest. Your grab misses the orc priest.
The orc priest is moderately wounded.
The orc priest misses you. The acid dragon spits acid at you.
The splash of acid hits you!!
* * * LOW HITPOINT WARNING * * *
The orc priest hits you with a +0 dagger.
* * * LOW HITPOINT WARNING * * *
You hit the orc priest but do no damage.
You grab the orc priest.
The orc priest is moderately wounded.
You constrict the orc priest, but do no damage.
The orc priest hits you with a +0 dagger.
You die...
Your body crumbles into a pile of gold.

.#..####..##..#######............
.........###........#............
.......###..............W........
.......# #...>....#...........!
.......# #[.......#............
......... #...?D!..#............
........## #........#######..#...
#.####..# #..[..o..# ##..?.. ..#
#.## #....@...# ##... .##
#$.[.....# ... ..... #...<(...#
## .#### ########## ##


You could see an acid dragon and an orc priest.

Vanquished Creatures
  Pikel (D:6)
  The ghost of wormed the Cudgeller, a novice GrFi of the Shining One (D:6)
  A water moccasin (D:5)
  A black bear (D:6)
  An ogre (D:5)
  A centaur (D:7)
  3 phantoms
  2 lemures (D:6)
  A kobold brigand (D:6)
  2 necrophages
  3 scorpions
  3 hounds
  2 orc priests
  A gnoll bouda (D:7)
  3 iguanas
  14 gnolls
  9 adders
  A white imp (D:5)
  5 ufetubi
  2 worms
  The ghost of superradish the Sneak, a weakling DsDe (D:5)
  3 dart slugs
  15 orcs
  7 ball pythons
  7 endoplasms
  4 giant cockroaches
  6 goblins
  5 hobgoblins
  2 jackals (D:1)
  8 kobolds
  7 quokkas
  5 bats
  2 frilled lizards
  9 rats
138 creatures vanquished.

Notes
Turn   | Place    | Note
-------+----------+-------------------------------------------
     0 | D:1      | zeram the Octopode Fighter began the quest for the Orb.
     0 | D:1      | Reached XP level 1. HP: 16/16 MP: 1/1
    59 | D:1      | Reached XP level 2. HP: 17/21 MP: 2/2
   442 | D:1      | Reached XP level 3. HP: 26/26 MP: 3/3
   507 | D:1      | Reached skill level 1 in Stealth
   762 | D:2      | Found a faded altar of an unknown god.
   805 | D:2      | Found an opulent altar of Gozag.
   839 | D:2      | Became a worshipper of Gozag Ym Sagoz the Greedy
   997 | D:2      | Reached XP level 4. HP: 27/31 MP: 4/4
  1046 | D:2      | Reached skill level 3 in Axes
  1460 | D:3      | Found a radiant altar of Vehumet.
  1461 | D:3      | Found a basalt altar of Yredelemnul.
  1464 | D:3      | Found a stormy altar of Qazlal.
  1465 | D:3      | Found a shimmering altar of Xom.
  2105 | D:4      | Reached XP level 5. HP: 32/37 MP: 5/5
  2328 | D:4      | Found an opulent altar of Gozag.
  2336 | D:4      | Found an opulent altar of Gozag.
  2336 | D:4      | Found an opulent altar of Gozag.
  2372 | D:4      | Found an opulent altar of Gozag.
  2531 | D:4      | Reached XP level 6. HP: 43/43 MP: 6/6
  2607 | D:4      | Reached skill level 4 in Axes
  2701 | D:5      | Entered Level 5 of the Dungeon
  2752 | D:5      | Found a large runed translucent door.
  2752 | D:5      | Found a large runed translucent door.
  2769 | D:5      | Noticed superradish's ghost (weakling DsDe)
  2814 | D:5      | Reached XP level 7. HP: 48/48 MP: 7/7
  2901 | D:5      | Found an iron altar of Okawaru.
  2903 | D:5      | Found an ornate altar of the Wu Jian Council.
  2962 | D:5      | Reached skill level 5 in Axes
  3383 | D:5      | Killed superradish's ghost
  3430 | D:6      | Noticed wormed's ghost (novice GrFi)
  3430 | D:6      | Found a runed translucent door.
  3610 | D:6      | Found a staircase to the Ecumenical Temple.
  3620 | D:6      | Reached XP level 8. HP: 39/54 MP: 8/8
  3719 | D:6      | Identified the +2 scale mail of Acesougy {+Blink rElec
                  | Int+3}
  3884 | D:6      | Reached skill level 5 in Fighting
  3884 | D:6      | Reached skill level 6 in Axes
  3884 | D:6      | Reached skill level 5 in Stealth
  4330 | D:6      | Killed wormed's ghost
  4331 | D:6      | Reached skill level 7 in Axes
  4384 | D:6      | Identified a scroll of acquirement
  4384 | D:6      | Acquired a manual of Fighting
  4389 | D:6      | Learned a level 2 spell: Ensorcelled Hibernation
  4425 | D:7      | Noticed Pikel
  4434 | D:6      | Reached skill level 5 in Dodging
  4598 | D:6      | Killed Pikel
  4599 | D:6      | Reached skill level 8 in Axes
  4599 | D:6      | Reached XP level 9. HP: 31/63 MP: 9/9
  5007 | D:7      | HP: 3/64 [orc priest/+0 dagger (2)]
  5008 | D:7      | Slain by an orc priest

Illustrated notes

Levels and vault maps discovered:
D:1:      beargit_arrival_greenhouse, layout_basic
D:2:      layout_rooms, nicolae_ecumenical_oubliette, basic_altar
D:3:      layout_loops_cross, minitemple
D:4:      layout_loops_ring, nicolae_gozag_conspicuous_consumption,
          serial_park_tiny_1
D:5:      layout_rooms, mainiacjoe_overflow_divided_tiny,
          ebering_ghost_disaster_area
D:6:      layout_basic, minmay_temple_entry_glass,
          hellmonk_ghost_happy_afterlife, abandoned_shop,
          chequers_serial_rivers_micro_b, kennysheep_small_circle
D:7:      layout_rooms, serial_park_tiny_pond, uniq_pikel

Skill      XL: |  1  2  3  4  5  6  7  8  9 |
---------------+----------------------------+-----
Stealth        | 1 2 3 4 5 |  5.5
Axes           | 3 4 5 8 |  8.4
Fighting       | 4 6 7 |  7.4
Dodging        | 4 5 |  5.6
Shields        | 4 |  4.7

Action                   |  1- 3 |  4- 6 |  7- 9 || total
-------------------------+-------+-------+-------++-------
Melee: War axe           |    68 |   100 |   128 ||   296
       Constrict         |    16 |    26 |    25 ||    67
       Tentacles         |     8 |    20 |    24 ||    52
       Punch             |     1 |     2 |     1 ||     4
  Use: Scroll            |     5 |     7 |     6 ||    18
       Potion            |       |     1 |     4 ||     5
 Stab: Sleeping          |     6 |    12 |     3 ||    21
Armor: Skin              |     2 |     3 |     8 ||    13
Dodge: Dodged            |    41 |    62 |   107 ||   210
Block: Buckler           |    14 |    19 |    52 ||    85
